[Event "Titled Tuesday Blitz January 17 Late 2023"]
[White "Mendez Fortes, Eduardo Jesus"]
[Black "ritanovikova"]
[WhiteFideId "3502376"]
[WhiteElo "2250"]
[BlackElo "2148"]
[Result "1-0"]
[Round "01"]
[TimeControl "180+2"]
[Date "2023.01.17"]
[WhiteClock "0:00:11"]
[BlackClock "0:00:01"]

1. e4 e6 2. d4 d5 3. Nd2 Ne7 4. Ngf3 Nd7 5. c3 c5 6. exd5 Nxd5 7. Bc4 cxd4 8. Nxd4 N7b6 9. Bb3 Be7 10. O-O O-O 11. N2f3 Nf6 12. Re1 Nbd7 13. Qe2 Nc5 14. Bc2 a6 15. Ne5 Ncd7 16. Nef3 Nc5 17. Bg5 Nd5 18. Bxe7 Qxe7 19. Rad1 Nf6 20. Ne5 Ncd7 21. f4 Nd5 22. Rf1 b6 23. Be4 Bb7 24. Bb1 N7f6 25. c4 Nc7 26. h3 Rad8 27. Kh2 Nce8 28. Rd2 Qc7 29. Rfd1 Nd6 30. b3 Nde4 31. Bxe4 Bxe4 32. Qe3 Bg6 33. Ndf3 Ne4 34. Rd4 Rxd4 35. Rxd4 Nd6 36. Qd2 Nf5 37. Rd7 Qc5 38. g4 Ne3 39. b4 Nf1+ 40. Kg2 Qxe5 41. Nxe5 Nxd2 42. Rxd2 Be4+ 43. Kf2 f6 44. Nd7 Re8 45. Nxb6 Kf7 46. c5 Bc6 47. Rd6 Bb5 48. a4 Bxa4 49. Nxa4 e5 50. fxe5 Rxe5 51. Rxa6 Re4 52. Rb6 Kg6 53. c6 Kg5 54. c7 Kh4 55. c8=Q Kxh3 56. g5+ Kh4 57. gxf6 gxf6 58. Rxf6 h5 59. Qc3 Rg4 60. Qf3 Rg2+ 61. Ke1 1-0


[Site "https://www.chess.com"]

[Event "Titled Tuesday Blitz January 17 Late 2023"]
[White "Levine, David"]
[Black "Ibadov, Dashgyn"]
[WhiteFideId "2011611"]
[BlackFideId "24107514"]
[WhiteElo "2040"]
[BlackElo "2391"]
[Result "0-1"]
[Round "01"]
[TimeControl "180+2"]
[Date "2023.01.17"]
[WhiteClock "0:00:01"]
[BlackClock "0:00:28"]

1. d4 Nf6 2. c4 c5 3. d5 d6 4. Nc3 g6 5. Nf3 Bg7 6. g3 O-O 7. Bg2 e6 8. O-O exd5 9. cxd5 Re8 10. Bf4 Bf5 11. Nd2 Nh5 12. Be3 Nd7 13. h3 Nxg3 14. Bf4 Nxf1 15. Nxf1 Ne5 16. e4 Bd7 17. Bg3 b5 18. f4 Nc4 19. Qb3 Nxb2 20. Qxb2 b4 21. e5 bxc3 22. Qxc3 dxe5 23. fxe5 Qg5 24. Re1 Bb5 25. Kh2 Rad8 26. d6 Rxd6 27. Qxc5 Rb6 28. Bd5 Bxf1 29. Rxf1 Rb2+ 30. Rf2 Rxf2+ 31. Qxf2 Qf5 32. Qxf5 gxf5 33. e6 fxe6 34. Bb3 Kf7 35. Kg2 Bd4 36. Kf3 Kf6 37. Bh4+ Kg6 38. Bg3 e5 0-1


[Site "https://www.chess.com"]

[Event "Titled Tuesday Blitz January 17 Late 2023"]
[White "Munoz, Francisco Javier"]
[Black "Marcolino, Daniel Mattos"]
[WhiteFideId "128368"]
[BlackFideId "2106841"]
[WhiteElo "2389"]
[BlackElo "2006"]
[Result "1-0"]
[Round "01"]
[TimeControl "180+2"]
[Date "2023.01.17"]
[WhiteClock "0:00:17"]
[BlackClock "0:00:55"]

1. e4 c6 2. Nc3 d5 3. exd5 cxd5 4. d4 Nc6 5. Bf4 Nf6 6. Bd3 Bg4 7. Nge2 e6 8. f3 Bh5 9. Qd2 Bg6 10. h4 Bxd3 11. Qxd3 Bd6 12. g4 a6 13. h5 Bxf4 14. Nxf4 Qd6 15. Nce2 O-O-O 16. g5 Nd7 17. a3 e5 18. dxe5 Ndxe5 19. Qf5+ Kb8 20. O-O-O g6 21. Qh3 Qc5 22. hxg6 hxg6 23. Qxh8 Rxh8 24. Rxh8+ Ka7 25. Nxd5 Nxf3 26. Nec3 Ncd4 27. Rd3 Ne5 28. Re3 Ndf3 29. b4 Qd4 30. Re4 Qg1+ 31. Kb2 Qxg5 32. b5 Nd2 33. b6# 1-0


[Site "https://www.chess.com"]

[Event "Titled Tuesday Blitz January 17 Late 2023"]
[White "Bongo Akanga Ndjila, Barthelemy"]
[Black "TheKnightOfBosnia"]
[WhiteFideId "10609431"]
[WhiteElo "1824"]
[BlackElo "2530"]
[Result "0-1"]
[Round "01"]
[TimeControl "180+2"]
[Date "2023.01.17"]
[WhiteClock "0:01:48"]
[BlackClock "0:01:47"]

1. d4 Nf6 2. Nf3 e6 3. c4 Bb4+ 4. Bd2 a5 5. g3 O-O 6. Bg2 d5 7. Qc2 Nbd7 8. O-O b6 9. Bf4 Bd6 10. Bg5 Ba6 11. cxd5 exd5 12. Rc1 h6 13. Bf4 Bxf4 14. gxf4 Rc8 15. Ne5 c5 16. dxc5 Nxe5 17. fxe5 Rxc5 18. Qd1 Rxc1 19. Qxc1 Ng4 20. Qf4 Qg5 21. Qxg4 Qxg4 0-1


[Site "https://www.chess.com"]

[Event "Titled Tuesday Blitz January 17 Late 2023"]
[White "Koutlas, Nikolaos"]
[Black "Souza, Gustavo Horokoski De"]
[WhiteFideId "25827138"]
[BlackFideId "2146584"]
[WhiteElo "2341"]
[BlackElo "1943"]
[Result "1-0"]
[Round "01"]
[TimeControl "180+2"]
[Date "2023.01.17"]
[WhiteClock "0:00:42"]
[BlackClock "0:00:01"]

1. Nf3 d5 2. d4 Nf6 3. e3 c5 4. c4 e6 5. Nc3 Nc6 6. Be2 cxd4 7. exd4 dxc4 8. Bxc4 Be7 9. O-O O-O 10. Re1 b6 11. d5 Na5 12. Bb5 Nxd5 13. Nxd5 exd5 14. Nd4 Bf6 15. b3 a6 16. Bf1 Bb7 17. Bb2 Nc6 18. Rc1 Nxd4 19. Bxd4 Bxd4 20. Qxd4 Rc8 21. Rxc8 Qxc8 22. Qxb6 Rd8 23. Re7 Rd7 24. Rxd7 Qxd7 25. Bxa6 Bxa6 26. Qxa6 h6 27. a4 d4 28. Qd3 Qd5 29. h3 Qc5 30. Qc4 Qd6 31. Qd3 Qc5 32. Kf1 Qd5 33. b4 Qc6 34. b5 Qc1+ 35. Ke2 Qc5 36. a5 Qe5+ 37. Kf1 g6 38. a6 Qc5 39. Ke2 Qc1 40. a7 Qb2+ 41. Kf3 Qa2 42. b6 Qd5+ 43. Qe4 Qe6 1-0


[Site "https://www.chess.com"]

[Event "Titled Tuesday Blitz January 17 Late 2023"]
[White "Adithya A Chullikkad"]
[Black "Kovanova, Baira"]
[WhiteFideId "45078734"]
[BlackFideId "4164083"]
[WhiteElo "2259"]
[BlackElo "2304"]
[Result "0-1"]
[Round "01"]
[TimeControl "180+2"]
[Date "2023.01.17"]
[WhiteClock "0:01:55"]
[BlackClock "0:01:57"]

1. d4 Nf6 2. Bf4 e6 3. e3 d5 4. c3 Bd6 5. Bd3 c5 6. Ne2 Qc7 7. O-O O-O 8. Na3 a6 9. dxc5 Qxc5 10. Bxd6 Qxd6 11. Nc2 e5 12. Ng3 Nc6 13. Bf5 g6 14. Bxc8 Raxc8 15. e4 d4 16. cxd4 Nxd4 17. Nxd4 exd4 18. Re1 Rfe8 19. Qd3 Ng4 20. Rad1 Rcd8 21. f4 Qxf4 22. Qc4 Re7 23. Rf1 Qh6 24. Qb4 Qxh2# 0-1


[Site "https://www.chess.com"]

[Event "Titled Tuesday Blitz January 17 Late 2023"]
[White "Musovic, Armin"]
[Black "Marin Masis, Jose Esteban"]
[WhiteFideId "939935"]
[BlackFideId "6508146"]
[WhiteElo "2261"]
[BlackElo "1938"]
[Result "1-0"]
[Round "01"]
[TimeControl "180+2"]
[Date "2023.01.17"]
[WhiteClock "0:00:43"]
[BlackClock "0:00:14"]

1. e4 c5 2. c3 d5 3. exd5 Qxd5 4. Na3 Nf6 5. h3 g6 6. Nf3 Bg7 7. Bc4 Qd8 8. Qa4+ Bd7 9. Qb3 O-O 10. Qxb7 Bc6 11. Qb3 Bxf3 12. gxf3 Nc6 13. Be2 Qd7 14. d3 Ne5 15. Be3 Nxd3+ 16. Kf1 Rfd8 17. Qc2 Ne5 18. Rd1 Qc6 19. Kg2 Nd5 20. Bc1 Qf6 21. Qe4 Nb6 22. f4 Ned7 23. Bf3 Rab8 24. Rhe1 e6 25. Nc4 Qh4 26. Ne5 Nf6 27. Rxd8+ Rxd8 28. Qb7 Nbd5 29. Qxf7+ Kh8 30. Qxe6 Nxf4+ 31. Bxf4 Qxf4 32. Nf7+ Kg8 33. Nxd8+ 1-0


[Site "https://www.chess.com"]

[Event "Titled Tuesday Blitz January 17 Late 2023"]
[White "Coe, William"]
[Black "Martinez Reyes, Pedro Ramon"]
[WhiteFideId "30913624"]
[BlackFideId "3901807"]
[WhiteElo "2078"]
[BlackElo "2376"]
[Result "0-1"]
[Round "01"]
[TimeControl "180+2"]
[Date "2023.01.17"]
[WhiteClock "0:01:02"]
[BlackClock "0:01:03"]

1. e4 c6 2. d4 d5 3. Nc3 dxe4 4. Nxe4 Bf5 5. Ng3 Bg6 6. Nf3 Nd7 7. Bd3 Ngf6 8. O-O Qc7 9. c4 Bxd3 10. Qxd3 e6 11. a3 Bd6 12. b4 O-O 13. Rd1 Rfe8 14. Bb2 Rad8 15. Ne4 Nxe4 16. Qxe4 Nf6 17. Qe2 a6 18. Rd3 b5 19. Rc1 Qb7 20. c5 Bf4 21. Rcd1 Nd5 22. Bc1 Bxc1 23. Rxc1 Nf4 24. Qe4 Nxd3 25. Qxd3 e5 26. Re1 exd4 27. Rxe8+ Rxe8 28. Qxd4 Qe7 29. g3 Qe4 30. Qd7 h6 31. Nd4 Re7 32. Qc8+ Re8 33. Qd7 Kh7 34. Nxc6 Qb1+ 35. Kg2 Re1 36. Qxf7 Qe4+ 0-1


[Site "https://www.chess.com"]

[Event "Titled Tuesday Blitz January 17 Late 2023"]
[White "Krishnan, Varun"]
[Black "Guevara Sanchez, Erick Marvin"]
[WhiteFideId "5054508"]
[BlackFideId "6700136"]
[WhiteElo "2341"]
[BlackElo "2073"]
[Result "1/2-1/2"]
[Round "01"]
[TimeControl "180+2"]
[Date "2023.01.17"]
[WhiteClock "0:01:53"]
[BlackClock "0:02:11"]

1. d4 d5 2. c4 e6 3. Nf3 Nf6 4. g3 c5 5. cxd5 exd5 6. Bg2 Be7 7. O-O O-O 8. Nc3 Nc6 9. Bg5 c4 10. Ne5 Be6 11. b3 Qa5 12. Qd2 Bb4 13. Bxf6 gxf6 14. Qh6 fxe5 15. Qg5+ Kh8 16. Qf6+ Kg8 17. Qg5+ Kh8 18. Qf6+ Kg8 19. Qg5+ 1/2-1/2


[Site "https://www.chess.com"]

[Event "Titled Tuesday Blitz January 17 Late 2023"]
[White "Djordjevic, Dejan N"]
[Black "Marczuk, Dominik"]
[WhiteFideId "913316"]
[BlackFideId "1111264"]
[WhiteElo "2167"]
[BlackElo "2253"]
[Result "0-1"]
[Round "01"]
[TimeControl "180+2"]
[Date "2023.01.17"]
[WhiteClock "0:01:11"]
[BlackClock "0:01:33"]

1. e4 c5 2. Nc3 a6 3. g3 b5 4. Bg2 Bb7 5. d3 e6 6. f4 b4 7. Nce2 d5 8. e5 h5 9. h3 Nc6 10. c3 a5 11. d4 Qb6 12. Nf3 Nh6 13. O-O Nf5 14. Kh2 Ba6 15. dxc5 Bxc5 16. Re1 Bf2 17. Nfg1 Bxe1 18. Qxe1 Rb8 19. Nf3 a4 20. Ned4 Ncxd4 21. cxd4 Rc8 22. Qd1 b3 23. axb3 axb3 0-1


[Site "https://www.chess.com"]

[Event "Titled Tuesday Blitz January 17 Late 2023"]
[White "Fisher_TheGalactic"]
[Black "Lindholt, Malik"]
[BlackFideId "1404490"]
[WhiteElo "2537"]
[BlackElo "2177"]
[Result "1-0"]
[Round "01"]
[TimeControl "180+2"]
[Date "2023.01.17"]
[WhiteClock "0:01:11"]
[BlackClock "0:01:00"]

1. Nf3 Nf6 2. g3 g6 3. Bg2 Bg7 4. O-O O-O 5. d3 d5 6. Nbd2 c5 7. e4 Nc6 8. exd5 Nxd5 9. Nc4 b6 10. Re1 Bb7 11. Nfe5 Nxe5 12. Nxe5 Qc7 13. Nc4 Rfe8 14. c3 Rad8 15. Qc2 Ba6 16. Bd2 Bb7 17. Rad1 Ba8 18. Ne3 Nxe3 19. Bxe3 Bxg2 20. Kxg2 Qc6+ 21. Kg1 Rd7 22. Qb3 Red8 23. Bf4 Qd5 24. Qxd5 Rxd5 25. Rxe7 Rxd3 26. Rxd3 Rxd3 27. Re8+ 1-0


[Site "https://www.chess.com"]

[Event "Titled Tuesday Blitz January 17 Late 2023"]
[White "Arbunic Castro, Giovanna"]
[Black "Winterberg, Lukas"]
[WhiteFideId "3400549"]
[BlackFideId "24622702"]
[WhiteElo "1930"]
[BlackElo "2402"]
[Result "0-1"]
[Round "01"]
[TimeControl "180+2"]
[Date "2023.01.17"]
[WhiteClock "0:00:13"]
[BlackClock "0:01:57"]

1. e4 c5 2. g3 g6 3. Bg2 Bg7 4. Ne2 Nc6 5. c3 e6 6. O-O Nge7 7. d4 d5 8. Be3 cxd4 9. cxd4 dxe4 10. Bxe4 O-O 11. Nbc3 Nf5 12. Bxf5 exf5 13. Qd2 b6 14. Rfd1 Bb7 15. d5 Ne5 16. Qc2 Re8 17. Kg2 Rc8 18. Qb3 Ng4 19. Bd4 Bxd4 20. Nxd4 Qf6 21. Kg1 f4 22. d6 fxg3 23. Nd5 Qxf2+ 0-1


[Site "https://www.chess.com"]

[Event "Titled Tuesday Blitz January 17 Late 2023"]
[White "Medeiros,Thauane Ferreira"]
[Black "Hnydiuk, Aleksander"]
[WhiteFideId "2134470"]
[BlackFideId "1109057"]
[WhiteElo "1854"]
[BlackElo "2363"]
[Result "1-0"]
[Round "01"]
[TimeControl "180+2"]
[Date "2023.01.17"]
[WhiteClock "0:00:23"]
[BlackClock "0:00:01"]

1. d4 Nf6 2. Bg5 Ne4 3. Bf4 d5 4. f3 Nf6 5. Nc3 Bf5 6. g4 Bg6 7. h4 h6 8. Qd2 e6 9. O-O-O Bb4 10. e3 h5 11. g5 Nfd7 12. a3 Be7 13. Bd3 Bxd3 14. Qxd3 g6 15. Nge2 c5 16. Nb5 Na6 17. Nd6+ Bxd6 18. Bxd6 Qb6 19. dxc5 Naxc5 20. Qd4 Rg8 21. Bg3 Rc8 22. Kb1 Qc6 23. Rhe1 Qa4 24. Qd2 b5 25. e4 dxe4 26. fxe4 Qxe4 27. b4 Qc6 28. bxc5 Nxc5 29. Nc3 Kf8 30. Qd6+ Kg7 31. Be5+ Kh7 32. Qxc6 Rxc6 33. Ne4 Nxe4 34. Rxe4 Rgc8 35. c3 1-0


[Site "https://www.chess.com"]

[Event "Titled Tuesday Blitz January 17 Late 2023"]
[White "Santos Flores, Alberto"]
[Black "Vargas, Mauricio"]
[WhiteFideId "3601234"]
[BlackFideId "4404572"]
[WhiteElo "2164"]
[BlackElo "2035"]
[Result "1/2-1/2"]
[Round "01"]
[TimeControl "180+2"]
[Date "2023.01.17"]
[WhiteClock "0:01:35"]
[BlackClock "0:00:57"]

1. e4 c5 2. Nf3 d6 3. Bb5+ Nd7 4. d4 cxd4 5. Qxd4 Nf6 6. Nc3 g6 7. Bg5 Bg7 8. O-O-O O-O 9. h4 a6 10. Bc4 b5 11. Bb3 Bb7 12. Qe3 Ng4 13. Qd2 Nc5 14. h5 Nxb3+ 15. axb3 b4 16. Nd5 Qa5 17. Nxe7+ Kh8 18. Kb1 Bxe4 19. h6 Bxb2 20. Kxb2 Qa3+ 21. Kb1 Qxb3+ 22. Ka1 Qa3+ 23. Kb1 Qb3+ 24. Kc1 Qa3+ 25. Kb1 Qb3+ 1/2-1/2


[Site "https://www.chess.com"]

[Event "Titled Tuesday Blitz January 17 Late 2023"]
[White "Flores Quillas, Diego Saul Rodri"]
[Black "Nakamura, Hikaru"]
[WhiteFideId "3822508"]
[BlackFideId "2016192"]
[WhiteElo "2359"]
[BlackElo "2775"]
[Result "0-1"]
[Round "02"]
[TimeControl "180+2"]
[Date "2023.01.17"]
[WhiteClock "0:00:13"]
[BlackClock "0:01:32"]

1. e4 c6 2. d4 d5 3. Nc3 dxe4 4. Nxe4 Nf6 5. Nxf6+ gxf6 6. c3 Bf5 7. Nf3 e6 8. g3 Bd6 9. Bg2 Nd7 10. O-O Bg6 11. b4 O-O 12. Bh6 Re8 13. Nh4 a5 14. a3 Bf8 15. Bxf8 Rxf8 16. f4 f5 17. Qc2 Bh5 18. Rfb1 Qc7 19. b5 Nf6 20. bxc6 bxc6 21. Qa4 Rac8 22. Rb2 Rfd8 23. Rab1 Nd5 24. Qc4 c5 25. Rb7 Qd6 26. Bxd5 Qxd5 27. Qxd5 Rxd5 28. R7b5 Rd7 29. dxc5 Rdc7 30. Rxa5 Rxc5 31. Rxc5 Rxc5 32. Ra1 Rxc3 33. a4 Be2 34. Kf2 Ba6 35. Nf3 Kf8 36. a5 Ke7 37. Rb1 Ra3 38. Nd4 Kd7 39. Rb6 Rxa5 40. Nb3 Ra2+ 41. Ke3 Kc7 42. Rb4 Rxh2 43. Nc5 Ra2 44. Rb1 Be2 45. Rh1 h5 46. Rh2 Ra3+ 47. Kd4 Bg4 48. Nd3 f6 49. Rc2+ Kd6 50. Rc4 Be2 0-1


[Site "https://www.chess.com"]

[Event "Titled Tuesday Blitz January 17 Late 2023"]
[White "Artemiev, Vladislav"]
[Black "Kleiman, Jake"]
[WhiteFideId "24101605"]
[BlackFideId "2020041"]
[WhiteElo "2701"]
[BlackElo "2399"]
[Result "1-0"]
[Round "02"]
[TimeControl "180+2"]
[Date "2023.01.17"]
[WhiteClock "0:00:24"]
[BlackClock "0:00:25"]

1. Nf3 d5 2. g3 e6 3. Bg2 Nf6 4. O-O b5 5. d3 Bb7 6. c4 dxc4 7. dxc4 Qxd1 8. Rxd1 b4 9. Bf4 c5 10. a3 a5 11. axb4 cxb4 12. Bxb8 Rxb8 13. Rxa5 Be7 14. Ne5 Bxg2 15. Kxg2 Rc8 16. Nd2 O-O 17. Nb3 Rc7 18. c5 Rfc8 19. Rd4 g6 20. Rc4 Kg7 21. Rb5 Ra8 22. Rbxb4 Ra2 23. Nd3 Nd5 24. Ra4 Rxa4 25. Rxa4 Bf6 26. e4 Rb7 27. Na5 1-0


[Site "https://www.chess.com"]

[Event "Titled Tuesday Blitz January 17 Late 2023"]
[White "Hamitevici, Vladimir"]
[Black "Naroditsky, Daniel"]
[WhiteFideId "13902393"]
[BlackFideId "2026961"]
[WhiteElo "2496"]
[BlackElo "2618"]
[Result "1-0"]
[Round "02"]
[TimeControl "180+2"]
[Date "2023.01.17"]
[WhiteClock "0:00:13"]
[BlackClock "0:00:07"]

1. a3 d5 2. Nf3 Nf6 3. e3 g6 4. c4 c6 5. b3 Bg7 6. Bb2 O-O 7. Be2 Bg4 8. d3 Nbd7 9. Nbd2 Re8 10. h3 Bxf3 11. Nxf3 e5 12. cxd5 Nxd5 13. Qc2 a5 14. O-O Qe7 15. Rfe1 Qc5 16. Rac1 Qxc2 17. Rxc2 c5 18. Nd2 a4 19. Bf3 N5f6 20. bxa4 Rxa4 21. Bxb7 Rb8 22. Bc6 Ra6 23. Bf3 Rab6 24. Nc4 Rb3 25. Bxe5 Nxe5 26. Nxe5 Bf8 27. a4 Ra3 28. Bc6 Rc8 29. Bb5 Nd5 30. Rb1 Nb4 31. Rxb4 Ra1+ 32. Kh2 Bd6 33. f4 f6 34. Bc4+ Kf8 35. Rb6 Be7 36. Nd7+ Kg7 37. Rb7 Kh6 38. Nb6 Re8 39. Bb5 Rd8 40. Rxe7 c4 41. Bxc4 g5 42. fxg5+ fxg5 43. Nd5 g4 44. hxg4 Rg8 45. Rxh7+ Kg5 46. Rh5+ Kg6 47. Nf4+ Kg7 48. Bxg8 Kxg8 49. Rg5+ Kh7 50. Rc7+ Kh8 51. Rh5+ Kg8 52. Kg3 Rf1 53. Rg5+ Kh8 54. Rf5 Kg8 55. Rc8+ Kg7 56. Ne6+ Kg6 57. Rxf1 1-0


[Site "https://www.chess.com"]

[Event "Titled Tuesday Blitz January 17 Late 2023"]
[White "Andreikin, Dmitry"]
[Black "Leiva, Gianmarco"]
[WhiteFideId "4158814"]
[BlackFideId "3804399"]
[WhiteElo "2729"]
[BlackElo "2392"]
[Result "1-0"]
[Round "02"]
[TimeControl "180+2"]
[Date "2023.01.17"]
[WhiteClock "0:01:28"]
[BlackClock "0:00:10"]

1. Nf3 d5 2. d4 Nf6 3. c4 e6 4. Nc3 a6 5. c5 b6 6. cxb6 c5 7. Qb3 Bb7 8. Bf4 Bd6 9. Bxd6 Qxd6 10. e3 Nbd7 11. dxc5 Nxc5 12. Qa3 Qxb6 13. Rc1 O-O 14. Be2 Rfc8 15. O-O a5 16. Nd4 Ba6 17. Bxa6 Nxa6 18. Na4 Qb4 19. Qxb4 Nxb4 20. a3 Nd3 21. Rcd1 Nc5 22. Nb6 Nfd7 23. Nxa8 Rxa8 24. b4 Ne4 25. Rc1 Ne5 26. Rc7 Nc4 27. b5 a4 28. Rb1 Nxa3 29. b6 Nxb1 30. b7 Rf8 31. Rc8 Nd6 32. Rxf8+ 1-0


[Site "https://www.chess.com"]

[Event "Titled Tuesday Blitz January 17 Late 2023"]
[White "Pershin, Denis"]
[Black "Sarana, Alexey"]
[WhiteFideId "24165506"]
[BlackFideId "24133795"]
[WhiteElo "2366"]
[BlackElo "2685"]
[Result "0-1"]
[Round "02"]
[TimeControl "180+2"]
[Date "2023.01.17"]
[WhiteClock "0:00:10"]
[BlackClock "0:01:12"]

1. b3 d5 2. Bb2 c5 3. Nf3 Nc6 4. e3 a6 5. d4 cxd4 6. exd4 Bf5 7. a3 e6 8. Nbd2 Nf6 9. Be2 h6 10. O-O Bd6 11. c4 O-O 12. Re1 Ne4 13. Nf1 Bc7 14. Ne3 Bg6 15. Rc1 Bh5 16. cxd5 exd5 17. Ne5 Bxe2 18. Qxe2 Bxe5 19. dxe5 Re8 20. Rcd1 d4 21. Nf5 Rxe5 22. Nxd4 Nc3 23. Qxe5 Nxe5 24. Bxc3 Qc7 25. Bb2 Ng4 26. g3 Rd8 27. Nf5 Rxd1 28. Rxd1 Qc2 29. Rd8+ Kh7 0-1


[Site "https://www.chess.com"]

[Event "Titled Tuesday Blitz January 17 Late 2023"]
[White "Duda, Jan-Krzysztof"]
[Black "UnknownMagician"]
[WhiteFideId "1170546"]
[WhiteElo "2724"]
[BlackElo "2629"]
[Result "1-0"]
[Round "02"]
[TimeControl "180+2"]
[Date "2023.01.17"]
[WhiteClock "0:01:45"]
[BlackClock "0:01:15"]

1. c4 Nf6 2. Nc3 g6 3. e4 d6 4. d4 Bg7 5. Nf3 O-O 6. Be2 e5 7. O-O Nc6 8. d5 Ne7 9. b4 a5 10. Ba3 axb4 11. Bxb4 Re8 12. a4 Bf8 13. Nd2 c5 14. Ba3 Nd7 15. Nb5 Ra6 16. Bb2 Bg7 17. Bg4 f5 18. Bh3 Nf6 19. Re1 Nxe4 20. Nxe4 fxe4 21. Bxc8 Qxc8 22. Nc3 Nf5 23. Nxe4 h6 24. g3 Nd4 25. Ra2 Qf5 26. Bxd4 cxd4 27. Qb3 Qd7 28. c5 Rea8 29. Nxd6 Rxa4 30. c6 Qxd6 31. Rxa4 Rxa4 32. Qxa4 1-0


[Site "https://www.chess.com"]

[Event "Titled Tuesday Blitz January 17 Late 2023"]
[White "Atanasov, Anthony"]
[Black "Paravyan, David"]
[WhiteFideId "2623897"]
[BlackFideId "4194985"]
[WhiteElo "2368"]
[BlackElo "2601"]
[Result "0-1"]
[Round "02"]
[TimeControl "180+2"]
[Date "2023.01.17"]
[WhiteClock "0:00:04"]
[BlackClock "0:01:04"]

1. Nf3 Nf6 2. d4 g6 3. c4 Bg7 4. Nc3 d5 5. cxd5 Nxd5 6. Bd2 c5 7. e4 Nxc3 8. Bxc3 cxd4 9. Bxd4 Qa5+ 10. Qd2 Qxd2+ 11. Kxd2 Bxd4 12. Nxd4 O-O 13. f4 Bd7 14. Ke3 Nc6 15. Rd1 e5 16. Nxc6 exf4+ 17. Kxf4 Bxc6 18. Bc4 Rae8 19. Bd5 Kg7 20. Bxc6 bxc6 21. Rd7 a5 22. Rc1 Re6 23. Rc5 Rb8 24. b3 a4 25. bxa4 Rb4 26. a5 Rbxe4+ 27. Kf3 Re3+ 28. Kf2 Re2+ 29. Kf3 Rxa2 30. Rc7 Rf6+ 31. Kg3 Ra3+ 32. Kh4 Rf4+ 33. g4 h5 34. h3 Rff3 35. Kg5 Rxh3 36. R7xc6 Rhg3 37. Kf4 Rxg4+ 38. Ke5 Rxa5 39. Rxa5 Rg5+ 40. Kf4 0-1


[Site "https://www.chess.com"]

[Event "Titled Tuesday Blitz January 17 Late 2023"]
[White "Bluebaum, Matthias"]
[Black "Yedidia, Daniel"]
[WhiteFideId "24651516"]
[BlackFideId "30905907"]
[WhiteElo "2669"]
[BlackElo "2041"]
[Result "1-0"]
[Round "02"]
[TimeControl "180+2"]
[Date "2023.01.17"]
[WhiteClock "0:00:08"]
[BlackClock "0:00:02"]

1. d4 Nf6 2. c4 e6 3. Nc3 Bb4 4. e3 O-O 5. Bd2 c5 6. a3 cxd4 7. axb4 dxc3 8. Bxc3 b6 9. Bd3 Bb7 10. Nf3 d5 11. b3 Nbd7 12. O-O Qe7 13. Qe2 Rfd8 14. Rfd1 h6 15. h3 Ne4 16. Bb2 Ndf6 17. Ne5 Qxb4 18. Bc2 dxc4 19. Nxc4 Rxd1+ 20. Qxd1 Qc5 21. Qd3 Qg5 22. f3 Nc5 23. Qe2 Nd5 24. f4 Qg3 25. Rf1 Nb4 26. Bb1 Rd8 27. Ne5 Nxb3 28. Bc3 Ba6 29. Qh5 g6 30. Bxg6 fxg6 31. Nxg6 Rd7 32. Qxh6 Bxf1 33. Qh8+ Kf7 34. Qf6+ Kg8 35. Qh8+ Kf7 36. Ne5+ Ke7 37. Qh7+ Kd6 38. Qxd7+ Kc5 39. Qe7+ Kb5 40. Qxb4+ Ka6 41. Kxf1 Qxe3 42. Qxb3 Qxf4+ 43. Nf3 1-0


[Site "https://www.chess.com"]

[Event "Titled Tuesday Blitz January 17 Late 2023"]
[White "Kavutskiy, Konstantin"]
[Black "Chigaev, Maksim"]
[WhiteFideId "2026384"]
[BlackFideId "4108116"]
[WhiteElo "2414"]
[BlackElo "2628"]
[Result "0-1"]
[Round "02"]
[TimeControl "180+2"]
[Date "2023.01.17"]
[WhiteClock "0:00:13"]
[BlackClock "0:01:11"]

1. d4 Nf6 2. Bg5 g6 3. Bxf6 exf6 4. c4 d5 5. cxd5 Qxd5 6. Nc3 Bb4 7. e3 c5 8. Qa4+ Nc6 9. Qxb4 Nxb4 10. Nxd5 Nxd5 11. dxc5 Be6 12. Bb5+ Ke7 13. Ne2 Rac8 14. Rc1 a6 15. Bc4 Rxc5 16. O-O Rhc8 17. Bxd5 Rxc1 18. Rxc1 Rxc1+ 19. Nxc1 Bxd5 20. f3 f5 21. Kf2 Kd6 22. g3 Kc5 23. f4 Bc4 24. Ke1 Kd5 25. b3 Bb5 26. a4 Bc6 27. Ke2 b5 28. a5 b4 29. Na2 Kc5 30. Kd3 Be4+ 31. Kd2 Kb5 32. Nc1 Kxa5 33. Ne2 Kb5 34. Nd4+ Kc5 35. h4 a5 36. h5 gxh5 37. Ne2 Bc6 38. Nd4 Bd7 39. Ne2 Kd5 40. Ng1 Ke4 41. Nh3 h6 42. Ng1 Bb5 0-1


[Site "https://www.chess.com"]

[Event "Titled Tuesday Blitz January 17 Late 2023"]
[White "Eljanov, Pavel"]
[Black "Rosen, Eric"]
[WhiteFideId "14102951"]
[BlackFideId "2032562"]
[WhiteElo "2705"]
[BlackElo "2349"]
[Result "1-0"]
[Round "02"]
[TimeControl "180+2"]
[Date "2023.01.17"]
[WhiteClock "0:02:18"]
[BlackClock "0:01:14"]

1. d4 d5 2. c4 e6 3. Nc3 Nf6 4. cxd5 exd5 5. Bg5 c6 6. e3 Bd6 7. Bd3 h6 8. Bh4 O-O 9. Nf3 Be6 10. Ne5 c5 11. O-O Nc6 12. Nxc6 bxc6 13. dxc5 Bxc5 14. Rc1 Be7 15. Na4 Rc8 16. Nc5 Bg4 17. Qa4 Qb6 18. Bxf6 Bxf6 19. Qxg4 Qxb2 20. Nd7 Rfd8 21. Qf5 g6 22. Qxf6 1-0


[Site "https://www.chess.com"]

[Event "Titled Tuesday Blitz January 17 Late 2023"]
[White "Andreev, Eduard"]
[Black "Sadhwani, Raunak"]
[WhiteFideId "14103400"]
[BlackFideId "35093487"]
[WhiteElo "2413"]
[BlackElo "2627"]
[Result "0-1"]
[Round "02"]
[TimeControl "180+2"]
[Date "2023.01.17"]
[WhiteClock "0:00:02"]
[BlackClock "0:00:07"]

1. e4 g6 2. d4 Bg7 3. Nc3 d6 4. Nf3 Nf6 5. Bc4 Nc6 6. h3 O-O 7. Be3 a6 8. a4 Nb4 9. Bb3 b6 10. e5 Nd7 11. e6 fxe6 12. Bxe6+ Kh8 13. Ng5 Nf6 14. Nf7+ Rxf7 15. Bxf7 e6 16. d5 Nbxd5 17. Nxd5 Nxd5 18. Qf3 Bxb2 19. Rd1 Bc3+ 20. Kf1 Qf6 21. Qxf6+ Bxf6 22. Be8 Bb7 23. Bd7 Nxe3+ 24. fxe3 Bd5 25. e4 Bxe4 26. Bxe6 Bxc2 27. Rc1 Bd3+ 28. Kg1 c5 29. Bd5 Rf8 30. h4 b5 31. axb5 axb5 32. Rh3 c4 33. h5 gxh5 34. Rxh5 Bd4+ 35. Kh2 Be5+ 36. Kg1 c3 37. Rh3 Bd4+ 38. Kh1 Rf1+ 39. Rxf1 Bxf1 40. Be4 Kg7 41. Rxh7+ Kf6 42. Rb7 Ke5 43. Bc2 Bc4 44. Kh2 Kf4 45. g3+ Ke3 46. g4 Kd2 47. Bf5 Be5+ 48. Kh3 c2 49. Bxc2 Kxc2 50. g5 Kc3 51. Kg4 b4 52. Kf5 b3 53. g6 b2 54. Rxb2 Kxb2 55. Kg5 Bg7 0-1


[Site "https://www.chess.com"]

[Event "Titled Tuesday Blitz January 17 Late 2023"]
[White "Jobava, Baadur"]
[Black "Carnicelli, Valerio"]
[WhiteFideId "13601520"]
[BlackFideId "856185"]
[WhiteElo "2578"]
[BlackElo "2370"]
[Result "1-0"]
[Round "02"]
[TimeControl "180+2"]
[Date "2023.01.17"]
[WhiteClock "0:00:28"]
[BlackClock "0:00:03"]

1. d4 Nf6 2. Nc3 g6 3. e4 d6 4. Be2 Bg7 5. h4 h5 6. Nf3 c6 7. Bg5 Qa5 8. O-O Nbd7 9. Re1 Nh7 10. Bd2 Qb6 11. a4 a5 12. e5 dxe5 13. dxe5 Nxe5 14. Nxe5 Bxe5 15. Bc4 Bd4 16. Qf3 O-O 17. Rxe7 Nf6 18. Ne4 Bf5 19. Nd6 Bg4 20. Qd3 Kh8 21. Nxf7+ Rxf7 22. Rxf7 Bxf2+ 23. Kh1 Bxh4 24. Qxg6 1-0


[Site "https://www.chess.com"]